 Dungeon Crawl Stone Soup version 0.31.0-12-g77e489cdc1 (webtiles) character file.

Game seed: 8760274741761786892

417 Doomgape the Shield-Bearer (level 6, -3/40 HPs)
             Began as a Gargoyle Fighter on Feb 11, 2024.
             Slain by an ogre
             ... wielding a +0 giant club
              (13 damage)
             ... on level 3 of the Dungeon.
             The game lasted 00:07:27 (3435 turns).

Doomgape the Shield-Bearer (Gargoyle Fighter)       Turns: 3435, Time: 00:07:27

Health: -3/40      AC: 13    Str: 21    XL:     6   Next: 92%
Magic:  6/6        EV:  9    Int:  9    God:
Gold:   45         SH:  4    Dex:  9    Spells: 5/5 levels left

rFire   . . .        a - +0 flail
rCold   . . .        c - +0 buckler
rNeg    + . .        b - +0 scale mail
rPois   ∞            l - +1 helmet
rElec   +            (no cloak)
rCorr   .            (no gloves)
SInv    .            (no boots)
Will    +....        (no amulet) Stlth
                     f - ring of willpower
HPRegen 0.26/turn    (no ring)
MPRegen 0.10/turn

%: no passive effects
@: mighty
A: sickness immunity, AC +4, negative energy resistance 1, electricity
resistance, torment resistance 1, petrification resistance
a: no special abilities


You were on level 3 of the Dungeon.
You visited 1 branch of the dungeon, and saw 4 of its levels.

You collected 210 gold pieces.
You spent 165 gold pieces at shops.

Inventory:

Hand Weapons
 a - a +0 flail (weapon)
Armour
 b - a +0 scale mail (worn)
 c - a +0 buckler (worn)
 l - a +1 helmet (worn)
Jewellery
 f - a ring of willpower (left hand)
Wands
 k - a wand of polymorph (8)
 o - a wand of flame (9)
Scrolls
 g - 2 scrolls of vulnerability
 i - a scroll of identify
 j - 3 scrolls of poison {unknown}
 n - a scroll of silence {unknown}
Potions
 d - a potion of attraction
 m - a potion of enlightenment
 p - 3 potions of curing


   Skills:
 + Level 5.0 Fighting
 + Level 3.9 Maces & Flails
 + Level 4.9 Armour
 + Level 5.0 Shields


You had 5 spell levels left.
You didn't know any spells.
Your spell library was empty.

Dungeon Overview and Level Annotations

Branches:
Dungeon (4/15)
 Temple: D:4-7

Altars:
Ashenzari
Cheibriados
Elyvilon
Wu Jian
Yredelemnul

Shops:
D:2 [   D:4 !


Innate Abilities, Weirdness & Mutations

You are immune to sickness and miasma.
Your stone body is resilient. (AC +4)
You are immune to poison.
You resist negative energy. (rN+)
You are resistant to electric shocks. (rElec)
You are resistant to unholy torment.
You are immune to petrification.


Message History

You thump the orc!
You kill the orc!
The kobold barely misses you.
You barely miss the ogre. The ogre hits you with a +0 giant club.
The kobold closely misses you. x2
The kobold attacks as it pursues you! You block the kobold's attack.
The ogre attacks as it pursues you! The ogre hits you with a +0 giant club!
The kobold attacks as it pursues you! The kobold hits you but does no damage.
The ogre attacks as it pursues you! The ogre barely misses you.
The kobold throws a poisoned dart.
The poisoned dart hits you!
The kobold throws a poisoned dart.
You block the poisoned dart.
The kobold throws a poisoned dart.
The poisoned dart closely misses you.
The kobold throws a poisoned dart.
The poisoned dart misses you. The ogre attacks as it pursues you!
You block the ogre's attack.
There is a stone staircase leading up here.
The kobold throws a poisoned dart.
The poisoned dart barely misses you. You block the ogre's attack.
You climb upwards.
There is a stone staircase leading down here.
You hit the ogre but do no damage. The ogre barely misses you.
You barely miss the ogre.
The ogre hits you with a +0 giant club!!
Ouch! That really hurt!
* * * LOW HITPOINT WARNING * * *
You hit the ogre.
The ogre is lightly wounded.
The ogre hits you with a +0 giant club!
* * * LOW HITPOINT WARNING * * *
You feel much better.
You feel very mighty all of a sudden. The ogre barely misses you.
You barely miss the ogre.
The ogre is lightly wounded.
The ogre hits you with a +0 giant club!!
Ouch! That really hurt!
* * * LOW HITPOINT WARNING * * *
You sock the ogre!
The ogre is heavily wounded.
The ogre hits you with a +0 giant club!
You die...

#.##.......##♣...♣#♣....♣##..###
##...........#♣♣...♣#♣♣♣♣♣#...#
...#.........###♣♣..♣######.#.#
...............###♣.........#.#
##).#.......##...###........#.##
#..#.##.######........#.......#
##..#.##.# #......####...#.##
))..#.##.#######O##### ###.####
###.#.##.##...##@#######...### #
#)#.##...<#.##.##....#.#...####
#
#.#.#####...##)##.#............
###.#.# ##.###......≈~~~~.~~~≈.
.##.#.# #.# #.###..~≈≈≈~.~≈≈~.
.##.#.# #.# #.# ##[~≈≈≈~.~≈~~.
.##.#.# #.# #.# #.~≈≈~~.~≈≈~.
.##.#.# #.# #.# #.......~~~~.
.#....######.###.# #.~≈~~.......


You could see an ogre.

Vanquished Creatures
  An ogre (D:3)
  Crazy Yiuf (D:2)
  Jessica (D:2)
  Natasha (thrice) (D:2)
  Terence (D:2)
  2 orc wizards (D:3)
  5 adders
  2 dart slugs (D:1)
  A ribbon worm (D:3)
  12 orcs
  10 ball pythons
  4 bats
  6 endoplasms
  4 giant cockroaches
  4 goblins
  7 hobgoblins
  A quokka (D:2)
  3 frilled lizards
  7 kobolds
  9 rats
84 creatures vanquished.

Notes
Turn   | Place    | Note
-------+----------+-------------------------------------------
     0 | D:1      | Doomgape the Gargoyle Fighter began the quest for the Orb.
     0 | D:1      | Reached XP level 1. HP: 14/14 MP: 1/1
   165 | D:1      | Reached XP level 2. HP: 11/19 MP: 2/2
   428 | D:1      | Reached XP level 3. HP: 23/23 MP: 3/3
   482 | D:1      | Found a faded altar of an unknown god.
   949 | D:2      | Noticed Jessica
   957 | D:2      | Killed Jessica
   958 | D:2      | Reached XP level 4. HP: 24/29 MP: 4/4
   969 | D:2      | Found a broken altar of Ashenzari.
  1024 | D:2      | Found Nueh's Antique Armour Boutique.
  1030 | D:2      | Noticed Natasha
  1047 | D:2      | Killed Natasha
  1141 | D:2      | Noticed Natasha
  1155 | D:2      | Killed Natasha
  1156 | D:2      | Reached XP level 5. HP: 19/33 MP: 5/5
  1221 | D:2      | Found a runed translucent door.
  1222 | D:2      | Noticed Crazy Yiuf
  1238 | D:2      | Killed Crazy Yiuf
  1572 | D:2      | Noticed Natasha
  1586 | D:2      | Killed Natasha
  1826 | D:2      | Noticed Terence
  1847 | D:2      | Killed Terence
  1848 | D:2      | Reached XP level 6. HP: 27/39 MP: 6/6
  2327 | D:3      | Found an ornate altar of the Wu Jian Council.
  2882 | D:3      | Found a snail-covered altar of Cheibriados.
  2913 | D:3      | Reached skill level 5 in Fighting
  2913 | D:3      | Reached skill level 5 in Shields
  3032 | D:3      | Found a basalt altar of Yredelemnul.
  3117 | D:3      | Found a white marble altar of Elyvilon.
  3357 | D:4      | Found Diudghimm's Distillery.
  3369 | D:4      | Bought a potion of curing for 33 gold pieces
  3369 | D:4      | Bought a potion of heal wounds for 55 gold pieces
  3369 | D:4      | Bought a potion of curing for 33 gold pieces
  3369 | D:4      | Bought a potion of might for 44 gold pieces
  3435 | D:3      | Slain by an ogre

Illustrated notes

Levels and vault maps discovered:
D:1:      dpeg_arrival_water_fire, layout_basic, basic_ecumenical_altar,
          supply_closet_lemuel
D:2:      layout_loops_ring, basic_altar, serial_shops, shop,
          nicolae_figureground_sparkle, uniq_crazy_yiuf_cottage, uniq_jessica,
          uniq_terence, uniq_natasha
D:3:      layout_loops_ring, kennysheep_ying_yang, nicolae_wu_jian_wuxing_cycle,
          mainiacjoe_overflow_concentric_impassable, minmay_misc_feat_roman,
          minivault_14, grunt_decor_cap
D:4:      layout_basic, lemuel_round_altar, serial_shops,
          nicolae_shop_industrial_runoff, uniq_edmund, uniq_duvessa

Skill      XL: |  1  2  3  4  5  6 |
---------------+-------------------+-----
Shields        | 4 5 |  5.0
Fighting       | 4 5 |  5.0
Armour         | 4 |  4.9
Maces & Flails | 3 |  3.9

Action                     |  1- 3 |  4- 6 || total
---------------------------+-------+-------++-------
  Melee: Flail             |    86 |   244 ||   330
    Use: Potion            |       |     7 ||     7
         Scroll            |       |     7 ||     7
 Armour: Scale mail        |    66 |   200 ||   266
         Skin              |       |    14 ||    14
  Dodge: Dodged            |    41 |   117 ||   158
  Block: Buckler           |    20 |    58 ||    78
